 Dungeon Crawl Stone Soup version 0.24.0-1-gfbc8707 (webtiles) character file.

Game seed: 6585601369157831125, levelgen mode: deterministic

112 Buxparty the Poker (level 4, 0/35 HPs)
             Began as a Mummy Fighter on Jan 11, 2020.
             Slain by a big kobold
             ... wielding a +0 short sword
              (1 damage)
             ... in a sewer.
             The game lasted 00:05:20 (2820 turns).

Buxparty the Poker (Mummy Fighter)                  Turns: 2820, Time: 00:05:21

Health: 0/35       AC:  6    Str: 20    XL:     4   Next: 64%
Magic:  4/4        EV:  7    Int:  7    God:
Gold:   83         SH:  9    Dex: 11    Spells: 3/3 levels left

rFire    x . .     SeeInvis .   a - +0 trident
rCold    + . .     Gourm    .   c - +0 shield
rNeg     + + +     Faith    .   b - +0 scale mail
rPois    ∞         Spirit   .   (no helmet)
rElec    .         Reflect  .   (no cloak)
rCorr    .         Harm     .   (no gloves)
MR       .....                  (no boots)
Stlth    ..........             (no amulet)
HPRegen  0.11/turn              (no ring)
MPRegen  0.09/turn              (no ring)

@: very slow
A: no food or potions, fire vulnerability, cold resistance 1, negative energy
resistance 3, torment resistance, unbreathing
a: no special abilities


You were in a sewer.
You were not hungry.

You visited 1 branch of the dungeon, and saw 3 of its levels.
You also visited: Sewer.

You collected 83 gold pieces.

Inventory:

Hand Weapons
 a - a +0 trident (weapon)
Missiles
 h - 10 poisoned darts (quivered)
Armour
 b - a +0 scale mail (worn)
 c - a +0 shield (worn)
Scrolls
 d - a scroll of teleportation {unknown}
 e - a scroll of remove curse {unknown}
 f - 2 scrolls of identify {unknown}
 g - 2 scrolls of amnesia {unknown}
 i - a scroll of fog {unknown}


   Skills:
 - Level 3.0 Fighting
 * Level 3.4 Polearms
 - Level 2.4 Armour
 + Level 3.2 Shields


You had 3 spell levels left.
You didn't know any spells.
Your spell library was empty.

Dungeon Overview and Level Annotations

Branches:
Dungeon (3/15)              Sewer (1/1)

Altars:
Dithmenos


Innate Abilities, Weirdness & Mutations

You do not eat or drink.
Your flesh is vulnerable to fire.
You are immune to poison.
Your flesh is cold resistant. (rC+)
You are immune to negative energy. (rN+++)
You are immune to unholy pain and torment.
You can survive without breathing.


Message History

The big kobold is heavily wounded.
The big kobold hits you but does no damage.
Your unstable footing causes you to fumble your attack.
The big kobold hits you but does no damage.
Your unstable footing causes you to fumble your attack.
The big kobold hits you but does no damage.
You block the big kobold's attack.
You closely miss the big kobold.
The big kobold is heavily wounded.
The big kobold hits you with a +0 short sword.
* * * LOW HITPOINT WARNING * * *
You puncture the big kobold!
The big kobold is almost dead.
The big kobold splashes around in the water.
Your unstable footing causes you to fumble your attack.
The big kobold hits you with a +0 short sword!
* * * LOW HITPOINT WARNING * * *
Your unstable footing causes you to fumble your attack.
The big kobold hits you with a +0 short sword.
You die...

###≈≈≈≈≈≈≈≈≈≈≈≈≈≈≈≈≈≈≈≈≈#.
≈≈≈≈≈≈≈≈≈≈≈≈≈≈≈≈≈≈≈≈≈≈≈≈..
#≈≈≈≈≈≈≈≈≈≈≈≈≈≈≈≈≈≈≈≈K.#
#######.....≈.≈≈.(≈≈≈.≈#
#######.≈(≈≈KK≈≈.#
##K######### #K# #K# #@#
#≈# #≈# #≈# #≈# #≈# #≈#
#≈# #≈#


You could see a big kobold and 2 kobolds.

Vanquished Creatures
  An orc priest (D:3)
  An adder (D:2)
  A worm (D:2)
  A dart slug (D:1)
  A leopard gecko (D:1)
  3 orcs (D:3)
  7 bats
  2 giant cockroaches
  8 hobgoblins
  9 jackals
  A quokka (D:2)
  2 ball pythons (D:3)
  A frilled lizard (D:1)
  9 goblins
  5 kobolds
  7 rats
59 creatures vanquished.

Notes
Turn   | Place    | Note
-------+----------+-------------------------------------------
     0 | D:1      | Buxparty the Mummy Fighter began the quest for the Orb.
     0 | D:1      | Reached XP level 1. HP: 18/18 MP: 1/1
   193 | D:1      | Reached XP level 2. HP: 17/24 MP: 2/2
   630 | D:1      | Reached XP level 3. HP: 29/29 MP: 3/3
  2182 | D:2      | Found a shadowy altar of Dithmenos.
  2490 | D:3      | Reached XP level 4. HP: 35/35 MP: 4/4
  2707 | D:3      | Found a glowing drain.
  2714 | Sewer    | Entered a sewer
  2764 | Sewer    | Noticed a big kobold
  2819 | Sewer    | HP: 1/35 [big kobold/+0 short sword (8)]
  2820 | Sewer    | Slain by a big kobold

Levels and vault maps discovered:
D:1:      tarquinn_simple_flora_water_e, layout_basic
D:2:      layout_basic, marbit_many_paths, first_ration, hex_medium,
          grunt_ministairs_8
D:3:      layout_loops_cross, portal_sewer_entry_b, serial_park_tiny_1,
          chequers_serial_rivers_micro_e
Sewer:    sewer_kobolds

Skill      XL: |  1  2  3 |
---------------+----------+-----
Polearms       | 2 3 |  3.4
Shields        | 3 |  3.2
Fighting       | |  3.0
Armour         | |  2.4

Action                   |  1- 3 |  4- 6 || total
-------------------------+-------+-------++-------
Melee: Trident           |   231 |   108 ||   339
Armor: Scale mail        |    91 |    37 ||   128
Dodge: Dodged            |    65 |    14 ||    79
Block: Shield            |   105 |    41 ||   146
